 Dungeon Crawl Stone Soup version 0.21.0 (webtiles) character file.

235 tidbits the Sneak (level 6, -4/43 HPs)
             Began as a Barachi Transmuter on Jan 6, 2018.
             Killed by divine providence
             ... invoked by an orc priest
              (14 damage)
             ... on level 3 of the Dungeon.
             The game lasted 00:16:36 (1793 turns).

tidbits the Sneak (Barachi Transmuter)              Turns: 1793, Time: 00:16:37

Health: -4/43      AC:  3    Str: 12    XL:     6   Next: 6%
Magic:  8/9        EV: 12    Int: 15    God:
Gold:   34         SH:  0    Dex: 12    Spells: 6/9 levels left

rFire    . . .     SeeInvis +     - Unarmed
rCold    . . .     Gourm    .   (no shield)
rNeg     . . .     Faith    .   b - +1 robe
rPois    .         Spirit   .   (helmet restricted)
rElec    .         Reflect  .   (no cloak)
rCorr    .         Harm     .   (no gloves)
MR       .....                  (no boots)
Stlth    +++.......             (no amulet)
HPRegen  0.14/turn              r - ring of see invisible
MPRegen  0.11/turn              (no ring)

@: slow
A: +LOS, swims, hooves 1, horns 1, slowness 1, strong legs 1
a: Hop


You were on level 3 of the Dungeon.
You were not hungry.

You visited 1 branch of the dungeon, and saw 4 of its levels.

You collected 169 gold pieces.
You spent 135 gold pieces at shops.

Inventory:

Hand Weapons
 a - a +2 short sword of holy wrath
   (You found it on level 1 of the Dungeon)
 e - a +0 dagger
 g - a +0 long sword
 k - a +1 hunting sling of velocity
   (You found it on level 1 of the Dungeon)
 y - a +0 hand axe of flaming
   (You took it off an orc on level 4 of the Dungeon)
Missiles
 h - 56 stones (quivered)
 n - a throwing net {!f}
 z - 5 tomahawks
Armour
 b - a +1 robe (worn)
 j - a +0 ring mail
Jewellery
 r - a ring of see invisible (left hand)
   (You found it on level 2 of the Dungeon)
Scrolls
 f - a scroll of teleportation
 l - 2 scrolls of magic mapping
 p - a scroll of remove curse
Potions
 o - a potion of mutation {!q}
 v - a potion of flight
Books
 c - a book of Changes

   Spells                             Type                      Level
   a - Beastly Appendage              Transmutation                1
   b - Sticks to Snakes               Transmutation                2
   c - Spider Form                    Transmutation/Poison         3
   d - Ice Form                       Ice/Transmutation            4
   e - Blade Hands                    Transmutation                5
Comestibles
 d - 5 rations
 i - 3 chunks of flesh


   Skills:
 - Level 1.2 Fighting
 - Level 2.1 Dodging
 + Level 5.6 Stealth
 - Level 3.2 Unarmed Combat
 - Level 2.2 Spellcasting
 - Level 2.3 Transmutations


You had 6 spell levels left.
You knew the following spells:

 Your Spells              Type           Power        Failure   Level  Hunger
a - Beastly Appendage     Tmut           #.....       9%          1    #......
k - Sticks to Snakes      Tmut           #.......     13%         2    ###....


Dungeon Overview and Level Annotations

Branches:
Dungeon (4/15)
 Temple: D:4-7

Altars:
Ru
Sif Muna

Shops:
D:4 ?


Innate Abilities, Weirdness & Mutations

Shadows flee at your approach. (+LOS)
You can swim through water.
You cover ground slowly.
You can hop short distances.
You have large cloven feet.
You have a pair of small horns on your head.


Message History

g - Guard the area. f - Follow me.
Anything else - Cancel.
You creak for attention!
You hear a shout!
What are your orders? t - Creak!
Orders for allies: a - Attack new target. r - Retreat! s - Stop attacking. g - Guard the area. f - Follow me.
Anything else - Cancel.
You creak for attention!
Casting: Sticks to Snakes
Confirm with . or Enter, or press ? or * to list all spells.
You don't have anything to turn into a snake.
Unknown command.
What are your orders? t - Creak!
Orders for allies: a - Attack new target. r - Retreat! s - Stop attacking. g - Guard the area. f - Follow me.
Anything else - Cancel.
You creak for attention!
You closely miss the adder.
Your ball python closely misses the adder.
Your ball python barely misses the adder.
The adder bites you but does no damage.
You closely miss the adder.
Your ball python closely misses the adder.
Your ball python barely misses the adder.
The adder bites you but does no damage.
An orc priest comes into view. It is wielding a whip.
Unknown command.
You barely miss the adder.
Your ball python closely misses the adder.
Your ball python misses the adder.
The adder bites you but does no damage. The orc hits you.
* * * LOW HITPOINT WARNING * * *
As you read the scroll of fog, it crumbles to dust.
The scroll dissolves into smoke.
The adder bites you but does no damage.
Your ball python misses the adder.
Your ball python barely misses the adder.
The orc hits you but does no damage. The adder bites you but does no damage.
Your ball python misses the adder. x2
You smack the adder!
You kill the adder!
You have reached level 6!
Your experience leads to an increase in your attributes!
Increase (S)trength, (I)ntelligence, or (D)exterity?
You feel clever.
Your transformation is almost over.
The orc priest mumbles some strange prayers to Beogh against you.
Beogh smites you!
* * * LOW HITPOINT WARNING * * *
The orc hits you but does no damage.
Unknown command.
Okay, then.
You hit the orc but do no damage.
Your ball python bites the orc but does no damage.
Your ball python closely misses the orc.
The orc hits you but does no damage.
Unknown command.
You closely miss the orc.
Your ball python bites the orc but does no damage.
Your ball python closely misses the orc.
The orc priest looks braver for a moment.
The orc hits you but does no damage.
Unknown command.
You hit the orc.
The orc is severely wounded.
Your ball python barely misses the orc.
Your ball python grabs the orc.
Your ball python constricts the orc.
The orc hits you but does no damage.
Unknown command.
You cannot teleport because you are held in place by your roots.
Unknown command.
As you read the scroll of fog, it crumbles to dust.
The scroll dissolves into smoke.
Your ball python bites the orc but does no damage.
Your ball python constricts the orc.
The orc hits your ball python.
The orc hits your ball python with a mace.
Your ball python dies!
The orc hits you but does no damage.
Unknown command.
You hit the orc.
You kill the orc!
The orc priest looks encouraged for a moment.
You smack the orc!
You kill the orc!
The orc priest miscasts a cantrip.
Okay, then.
Unknown command.
You hit the orc.
The orc is heavily wounded.
The orc hits you but does no damage.
The orc priest casts a cantrip, but nothing happens.
You smack the orc!
You kill the orc!
You feel less wooden.
Your +1 robe unmelds from your body.
The orc priest mumbles some strange prayers to Beogh against you.
Beogh smites you!
You die...

***,*_,,,,,,,,,w.................
,,,,**,,,,,,,,,#o............#...
,,,,,**,,,*,,,*#.................
,,,,,,##########...####..........
#**,,,.........§o...###..........
# *,,,.........§§.§.#...#........
#####,......#.§o§o..#...#........
..............§§§§§.#...#........
.....?........§§@§.§#...#........
..............§§§§§.#...##.......
###...........§..................
# *,........#....................
#**,,......,###....#.............
#.........####..................
##...............................
#................................
.........#.....)............#####


You could see 2 orc priests.

Vanquished Creatures
  2 orc priests (D:3)
  An orc wizard (D:4)
  A bullfrog skeleton (D:4)
  A centaur skeleton (D:4)
  An adder (D:3)
  An ooze (D:1)
  A worm (D:2)
  3 dart slugs
  2 leopard geckos
  9 orcs
  4 bats
  4 giant cockroaches
  6 goblins
  5 hobgoblins
  4 jackals
  4 kobolds
  A ball python (D:4)
  4 frilled lizards
  8 rats
62 creatures vanquished.

Vanquished Creatures (collateral kills)
  A worm (D:3)
  A dart slug (D:2)
  A leopard gecko (D:1)
  An orc (D:4)
  A goblin (D:2)
  A hobgoblin (D:2)
  A jackal (D:2)
  5 bats
  A frilled lizard (D:2)
  A kobold (D:3)
  A rat (D:2)
15 creatures vanquished.

Grand Total: 77 creatures vanquished

Notes
Turn   | Place    | Note
-------+----------+-------------------------------------------
     0 | D:1      | tidbits the Barachi Transmuter began the quest for the Orb.
     0 | D:1      | Reached XP level 1. HP: 15/15 MP: 3/3
   223 | D:1      | Reached skill level 1 in Stealth
   235 | D:1      | Reached XP level 2. HP: 18/21 MP: 3/5
   239 | D:1      | Learned a level 2 spell: Sticks to Snakes
   482 | D:2      | Reached skill level 2 in Stealth
   543 | D:2      | Reached XP level 3. HP: 23/26 MP: 2/6
   585 | D:2      | Found a deep blue altar of Sif Muna.
   761 | D:2      | Reached skill level 3 in Stealth
  1127 | D:2      | Reached XP level 4. HP: 21/32 MP: 5/7
  1141 | D:2      | Found a sacrificial altar of Ru.
  1473 | D:4      | Reached skill level 4 in Stealth
  1552 | D:3      | Gained mutation: You have a pair of small horns on your head. [potion of mutation]
  1552 | D:3      | Gained mutation: You have large cloven feet. [potion of mutation]
  1606 | D:4      | Found Zosing's Magic Scroll Shoppe.
  1609 | D:4      | Bought a scroll of teleportation for 30 gold pieces
  1609 | D:4      | Bought a scroll of magic mapping for 35 gold pieces
  1609 | D:4      | Bought a scroll of identify for 20 gold pieces
  1609 | D:4      | Bought a scroll of remove curse for 30 gold pieces
  1609 | D:4      | Bought a scroll of identify for 20 gold pieces
  1634 | D:4      | Reached XP level 5. HP: 15/37 MP: 2/8
  1677 | D:4      | Noticed an ogre
  1714 | D:3      | Reached skill level 5 in Stealth
  1785 | D:3      | Reached XP level 6. HP: 25/43 MP: 7/9
  1793 | D:3      | Killed from afar by an orc priest

Skill      XL: |  1  2  3  4  5 |
---------------+----------------+-----
Stealth        | 1 2 3 4 5 |  5.6
Fighting       | |  1.2
Dodging        | |  2.1
Unarmed Combat | |  3.2
Spellcasting   | |  2.2
Transmutations | |  2.3

Action                   |  1- 3 |  4- 6 || total
-------------------------+-------+-------++-------
Melee: Short sword       |    93 |    67 ||   160
       Kick              |     9 |     7 ||    16
       Headbutt          |     5 |     7 ||    12
       Punch             |     3 |     2 ||     5
       Unarmed           |     2 |    16 ||    18
 Fire: Hunting sling     |       |     3 ||     3
Throw: Stone             |     1 |       ||     1
       Throwing net      |       |     3 ||     3
 Cast: Beastly Appendage |    24 |    10 ||    34
       Sticks to Snakes  |    12 |    13 ||    25
 Abil: Hop               |       |     2 ||     2
  Use: Scroll            |       |    14 ||    14
       Potion            |       |     6 ||     6
 Stab: Distracted        |     1 |       ||     1
       Sleeping          |     1 |       ||     1
  Eat: Chunk             |     2 |       ||     2
       Ration            |     1 |     1 ||     2
Armor: Robe              |    44 |     8 ||    52
       Skin              |       |    20 ||    20
Dodge: Dodged            |    97 |    61 ||   158

Table legend:
 A = Turns spent in this place as a percentage of turns spent in the entire game.
 B = Non-inter-level travel turns spent in this place as a percentage of non-inter-level travel turns spent in the entire game.
 C = Inter-level travel turns spent in this place as a percentage of turns spent in this place.
 D = Turns resting spent in this place as a percentage of non-inter-level travel turns spent in this place.
 E = Turns spent auto-exploring this place as a percentage of non-inter-level travel turns spent in this place.
 F = Non-inter-level travel turns spent in this place divided by the number of levels of this place that you've seen.
                   A       B       C       D       E      F
               +-------+-------+-------+-------+-------+----------------------
         Total | 100.0 | 100.0 |   2.1 |   0.0 |   0.0 | 438.8
       Dungeon | 100.0 | 100.0 |   2.1 |   0.0 |   0.0 | 438.8
               +-------+-------+-------+-------+-------+----------------------

Table legend:
 A = Kills in this place as a percentage of kills in entire the game.
 B = Kills by you in this place as a percentage of kills by you in the entire game.
 C = Kills by friends in this place as a percentage of kills by friends in the entire game.
 D = Other kills in this place as a percentage of other kills in the entire game.
 E = Experience gained in this place as a percentage of experience gained in the entire game.
 F = Experience gained in this place divided by the number of levels of this place that you have seen.
                   A       B       C       D       E      F
               +-------+-------+-------+-------+-------+----------------------
         Total | 100.0 | 100.0 | 100.0 |   N/A | 100.0 |  84.2
       Dungeon | 100.0 | 100.0 | 100.0 |   N/A | 100.0 |  84.2
               +-------+-------+-------+-------+-------+----------------------

Vault maps used:
D:1:      giann_forest_graveyard, serial_bayou_crossing
D:2:      nicolae_overflow_crystal_walls, overflow_temple_1_default,
          corexii_corridor_pit
D:3:      marbit_many_paths, first_ration
D:4:      serial_shops, kennysheep_mini, hangedman_decor_riveting
